AoeStats
← jphilkill

Oasis

507423079Analyzed
4v4 RM · 15d ago on Sep 18, 2026· 32m 39s· 8 players
Game mode
Random Map
Map size
Large (8 player)
Population
200
Speed
Normal
Resources
Standard
Victory
Conquest
Starting age
Dark Age
Ending age
Imperial Age
RankedLock teamsTeams togetherTeam positionsShared explorationLock speedFull tech treeHidden civsTurbo modeCheats
Victory
Defeat
🇲🇽 Spanish · Mexico
1031
+11
🇵🇪 Berbers · Peru
945
+15
🇲🇽 Franks · Mexico
938
+15
🇦🇺 Wu · Australia
870
+18
🇫🇷 Gurjaras · France
955
-16
🇫🇷 Lithuanians · France
939
-16
🇩🇪 Celts · Germany
898
-14
🇳🇱 Ethiopians · Netherlands
887
-13
NomadRider5217
0:49 Loom
12:47 Feudal Age
16:30 Double-Bit Axe
28:48 Castle Age
IsidoreDucasse
7:33 Loom
10:18 Feudal Age
10:55 Horse Collar
11:32 Double-Bit Axe
12:17 Gold Mining
13:51 Wheelbarrow
13:57 Bloodlines
22:08 Castle Age
21:29 Forging
21:25 Scale Barding Armor
21:11 Fletching
21:21 Padded Archer Armor
22:54 Heavy Plow
23:05 Bow Saw
22:48 Stone Mining
22:26 Light Cavalry
23:08 Husbandry
25:13 Stone Shaft Mining
25:18 Pikeman
28:32 Squires
28:17 Arson
30:28 Hand Cart
jphilkill
0:40 Loom
12:09 Feudal Age
21:00 Castle Age
21:06 Horse Collar
21:14 Double-Bit Axe
24:16 Wheelbarrow
28:02 Heavy Plow
28:16 Bow Saw
30:14 Hand Cart
BlandToaster625
6:48 Loom
9:12 Feudal Age
11:03 Double-Bit Axe
11:47 Gold Mining
24:07 Castle Age
22:46 Scale Barding Armor
22:51 Forging
23:50 Forging
25:34 Iron Casting
26:01 Padded Archer Armor
26:59 Chain Barding Armor
26:27 Crossbowman
27:54 Fletching
28:25 Padded Archer Armor
29:46 Bodkin Arrow
30:06 Leather Archer Armor
31:29 Husbandry
DeathPanther
5:47 Loom
13:16 Feudal Age
22:39 Castle Age
20:46 Double-Bit Axe
20:54 Gold Mining
20:55 Stone Mining
23:10 Forging
23:06 Scale Barding Armor
23:55 Husbandry
25:01 Bow Saw
27:15 Iron Casting
28:47 Wheelbarrow
29:29 Chain Barding Armor
Radinge
2:47 Loom
9:45 Feudal Age
16:14 Castle Age
14:33 Double-Bit Axe
15:01 Horse Collar
25:58 Heavy Plow
28:01 Caravan
28:28 Bloodlines
28:31 Scale Barding Armor
28:36 Forging
28:44 Bow Saw
30:44 Chain Barding Armor
31:00 Iron Casting
Flowey XIV
6:42 Loom
8:57 Feudal Age
12:38 Double-Bit Axe
12:50 Horse Collar
17:51 Wheelbarrow
21:51 Castle Age
20:18 Fletching
22:56 Bodkin Arrow
22:52 Crossbowman
24:45 Gold Mining
25:08 Bow Saw
27:20 Forging
27:15 Padded Archer Armor
27:22 Scale Barding Armor
28:16 Bloodlines
31:29 Husbandry
33:07 Ballistics
swannie
9:54 Feudal Age
10:46 Loom
11:51 Horse Collar
12:25 Double-Bit Axe
30:47 Castle Age
30:31 Stone Mining
31:26 Scale Mail Armor
Connection lost

Rejoining the realm…

Still unreachable

The connection could not be restored.

Session expired

The server has moved on; the page needs a fresh start.